 Dungeon Sprint DCSS version 0.22-a0-83-g218e7ff (webtiles) character file.

1906 Kidiri the Thaumaturge (level 8, -6/48 HPs)
             Began as a Deep Elf Fire Elementalist on Jan 20, 2018.
             Was a High Priest of Vehumet.
             Hit by a javelin thrown by a merfolk javelineer (18 damage)
             ... in the Dungeon (Sprint VII: "The Pits").
             The game lasted 00:10:17 (1879 turns).

Kidiri the Thaumaturge (Deep Elf Fire Elementalist) Turns: 1879, Time: 00:10:18

Health: -6/48      AC: 15    Str:  5    XL:     8   Next: 94%
Magic:  21/28      EV: 12    Int: 23    God:    Vehumet [*****.]
Gold:   13         SH:  0    Dex: 18    Spells: 7/35 levels left

rFire    . . .     SeeInvis .   o - +2 dagger
rCold    . . .     Gourm    .   (no shield)
rNeg     . . .     Faith    .   a - +5 ring mail
rPois    .         Spirit   .   (no helmet)
rElec    .         Reflect  .   q - +0 cloak
rCorr    .         Harm     .   (no gloves)
MR       .....     NoTele   +   (no boots)
Stlth    ++........             (no amulet)
HPRegen  0.16/turn              r - +3 ring of dexterity
MPRegen  0.21/turn              s - +3 ring of protection

@: lethally poisoned (-6 -> -28), very slightly contaminated, slowed, very slow
A: no striking features
a: Renounce Religion


You were in the Dungeon.
You worshipped Vehumet.
Vehumet was extremely pleased with you.
You were not hungry.

You visited 1 branch You collected 13 gold pieces.

Inventory:

Hand Weapons
 o - a +2 dagger (weapon)
Armour
 a - a +5 ring mail (worn)
 q - a +0 cloak (worn)
Jewellery
 r - a +3 ring of dexterity (left hand)
 s - a +3 ring of protection (right hand)
Wands
 n - a wand of iceblast (5)
Scrolls
 l - 3 scrolls of remove curse
 m - 5 scrolls of amnesia
Potions
 d - 7 potions of curing
 e - 7 potions of heal wounds
 f - 3 potions of haste
 g - 4 potions of magic
 h - 2 potions of berserk rage
 k - 2 potions of invisibility
 t - 4 potions of resistance
 u - a potion of brilliance
Comestibles
 c - 8 rations


   Skills:
 + Level 4.3 Fighting
 + Level 5.1 Short Blades
 + Level 4.3 Armour
 + Level 6.8 Dodging
 - Level 2.4 Stealth
 * Level 14.2 Spellcasting
 + Level 8.7 Conjurations
 + Level 9.3 Fire Magic
 + Level 5.7 Ice Magic
 + Level 3.2 Air Magic


You had 7 spell levels left.
You knew the following spells:

 Your Spells              Type           Power        Failure   Level  Hunger
a - Flame Tongue          Conj/Fire      #####        1%          1    None
b - Throw Flame           Conj/Fire      ######       1%          2    None
c - Conjure Flame         Conj/Fire      ######..     1%          3    None
d - Inner Flame           Hex/Fire       #####...     1%          3    None
e - Sticky Flame          Conj/Fire      ######..     1%          4    None
f - Fireball              Conj/Fire      ######....   2%          5    ###....
g - Throw Icicle          Conj/Ice       #####...     2%          4    None
h - Freezing Cloud        Conj/Ice/Air   #####.....   43%         6    #####..


Dungeon Overview and Level Annotations

Branches:
Dungeon (1/1)

Altars:
Ashenzari
Cheibriados
Dithmenos
Elyvilon
Fedhas
Gozag
Hepliaklqana
Kikubaaqudgha
Makhleb
Nemelex Xobeh
Okawaru
Qazlal
Ru
Sif Muna
Trog
Uskayaw
Vehumet
Wu Jian
Xom
Yredelemnul
Zin
The Shining One
Beogh
Jiyva
Lugonu

Annotations:
D exclusions: 4 doors and 4 more exclusions


Message History

The hornet stings you but does no damage.
The merfolk javelineer hits you but does no damage.
You feel very sick.
The hornet burns!
You kill the hornet!
Vehumet accepts your kill.
You feel your power returning.
Your Air Magic skill increases to level 3!
The merfolk javelineer throws a javelin.
The javelin barely misses you.
Casting: Sticky Flame
Confirm with . or Enter, or press ? or * to list all spells.
Aiming: Conjure Flame
Press: ? - help, Dir - move target cursor The fire ignites!
* * * LOW HITPOINT WARNING * * *
You feel very sick.
The merfolk javelineer throws a javelin.
The javelin hits you!!
You die...

##########+##.....
#.?(.+)))+.##.....
##########.##.....
#mm)...mm...'.....
#m#####+#####.....
#m#..#.).+.##.....
#ยง#..#...#.#####+#
#.#..#####.##.....
#@#..+...#.##.....
#.#..+...+.##.....
#.#..########...<.
#.#..+.)))[##.....
#(#..#.))).##.....
#+###########.....
#.......#..#######
#.###...#.########
#.#.....#.#....#..


You could see a merfolk javelineer and 3 merfolk.

Vanquished Creatures
  An orc knight (D)
  Maurice (D)
  A hornet (D)
  A bog body (D)
  A redback (D)
  Duvessa (D)
  A black bear (D)
  A wolf (D)
  A centaur (D)
  A crimson imp (D)
  A quasit (D)
  An iron imp (D)
  A hound (D)
  Terence (D)
  2 worker ants (D)
  An ooze (D)
  An adder skeleton (D)
  A worm (D)
  A leopard gecko (D)
  A giant cockroach (D)
  3 jackals (D)
  2 ball pythons (D)
  A bat (D)
  A frilled lizard (D)
  2 goblins (D)
  A kobold (D)
31 creatures vanquished.

Notes
Turn   | Place    | Note
-------+----------+-------------------------------------------
     0 | D        | Kidiri the Deep Elf Fire Elementalist began the quest for the Orb.
     0 | D        | Reached XP level 1. HP: 10/10 MP: 6/6
    10 | D        | Noticed Terence
    31 | D        | Reached skill level 4 in Spellcasting
    70 | D        | Found a bloodstained altar of Trog.
    70 | D        | Found a deep blue altar of Sif Muna.
    70 | D        | Found a viscous altar of Jiyva.
    70 | D        | Found a hazy altar of Hepliaklqana.
    70 | D        | Found an opulent altar of Gozag.
    71 | D        | Found a glowing golden altar of the Shining One.
    71 | D        | Found a glowing silver altar of Zin.
    71 | D        | Found a basalt altar of Yredelemnul.
    71 | D        | Found a shimmering altar of Xom.
    71 | D        | Found an ornate altar of the Wu Jian Council.
    71 | D        | Found a sacrificial altar of Ru.
    71 | D        | Found a stormy altar of Qazlal.
    71 | D        | Found an iron altar of Okawaru.
    71 | D        | Found a sparkling altar of Nemelex Xobeh.
    71 | D        | Found a burning altar of Makhleb.
    71 | D        | Found a blossoming altar of Fedhas.
    71 | D        | Found a white marble altar of Elyvilon.
    71 | D        | Found a shadowy altar of Dithmenos.
    71 | D        | Found a snail-covered altar of Cheibriados.
    74 | D        | Found a corrupted altar of Lugonu.
    74 | D        | Found a radiant altar of Vehumet.
    74 | D        | Found a roughly hewn altar of Beogh.
    75 | D        | Found an ancient bone altar of Kikubaaqudgha.
    75 | D        | Found a hide-covered altar of Uskayaw.
    75 | D        | Found a shattered altar of Ashenzari.
    83 | D        | Became a worshipper of Vehumet
   245 | D        | Reached * piety under Vehumet
   245 | D        | Offered knowledge of Sting by Vehumet.
   246 | D        | Reached skill level 5 in Spellcasting
   246 | D        | Reached XP level 2. HP: 15/15 MP: 3/10
   250 | D        | Learned a level 2 spell: Throw Flame
   312 | D        | Reached ** piety under Vehumet
   332 | D        | Reached skill level 6 in Spellcasting
   332 | D        | Reached XP level 3. HP: 4/19 MP: 7/13
   408 | D        | Learned a level 3 spell: Conjure Flame
   412 | D        | Learned a level 3 spell: Inner Flame
   667 | D        | Offered knowledge of Sandblast by Vehumet.
   667 | D        | Reached skill level 7 in Spellcasting
   667 | D        | Reached skill level 5 in Fire Magic
   667 | D        | Reached XP level 4. HP: 23/24 MP: 13/15
   674 | D        | Learned a level 4 spell: Sticky Flame
   743 | D        | Reached *** piety under Vehumet
   760 | D        | Reached skill level 8 in Spellcasting
   769 | D        | Offered knowledge of Searing Ray by Vehumet.
   828 | D        | Reached skill level 9 in Spellcasting
   828 | D        | Reached skill level 5 in Conjurations
   856 | D        | Noticed a wolf
   863 | D        | Killed a wolf
   863 | D        | Reached **** piety under Vehumet
   863 | D        | Reached skill level 11 in Spellcasting
   863 | D        | Reached XP level 5. HP: 6/28 MP: 10/20
   874 | D        | Learned a level 5 spell: Fireball
  1104 | D        | Offered knowledge of Throw Icicle by Vehumet.
  1110 | D        | Learned a level 4 spell: Throw Icicle
  1145 | D        | Noticed an orc knight
  1159 | D        | Killed an orc knight
  1159 | D        | Offered knowledge of Yara's Violent Unravelling by Vehumet.
  1159 | D        | Reached skill level 12 in Spellcasting
  1159 | D        | Reached XP level 6. HP: 36/36 MP: 1/23
  1159 | D        | Reached XP level 7. HP: 40/40 MP: 1/25
  1294 | D        | Noticed Duvessa
  1301 | D        | Killed Duvessa
  1301 | D        | Reached skill level 5 in Dodging
  1326 | D        | Reached ***** piety under Vehumet
  1326 | D        | Offered knowledge of Freezing Cloud by Vehumet.
  1382 | D        | Learned a level 6 spell: Freezing Cloud
  1384 | D        | Reached skill level 13 in Spellcasting
  1452 | D        | Noticed Maurice
  1452 | D        | Noticed a bog body
  1460 | D        | Killed a bog body
  1460 | D        | Reached skill level 1 in Air Magic
  1460 | D        | Reached XP level 8. HP: 35/46 MP: 17/27
  1471 | D        | Noticed a small abomination
  1475 | D        | Killed Maurice
  1475 | D        | Reached skill level 5 in Ice Magic
  1632 | D        | Killed Terence
  1667 | D        | Reached skill level 5 in Short Blades
  1667 | D        | Reached skill level 14 in Spellcasting
  1842 | D        | Noticed a hornet
  1842 | D        | Noticed a merfolk javelineer
  1842 | D        | Noticed a merfolk
  1842 | D        | Noticed a merfolk
  1842 | D        | Noticed a merfolk
  1874 | D        | Paralysed by a hornet for 1 turns
  1878 | D        | Killed a hornet
  1879 | D        | Hit by a javelin thrown by a merfolk javelineer

Vault maps used:
D:        pitsprint

Skill      XL: |  1  2  3  4  5  6  7  8 |
---------------+-------------------------+-----
Spellcasting   | 5 6 7 11 12 13 14 | 14.2
Conjurations   | 2 3 4 6 7 8 |  8.7
Fire Magic     | 4 5 7 8 9 |  9.3
Fighting       | 2 3 4 |  4.3
Short Blades   | 3 4 5 |  5.1
Armour         | 2 3 4 |  4.3
Dodging        | 4 5 6 |  6.8
Ice Magic      | 3 4 5 |  5.7
Air Magic      | 1 3 |  3.2
Stealth        | |  2.4

Action                   |  1- 3 |  4- 6 |  7- 9 || total
-------------------------+-------+-------+-------++-------
Melee: Dagger            |    13 |       |    32 ||    45
 Cast: Flame Tongue      |    18 |    26 |    24 ||    68
       Throw Flame       |     1 |     3 |       ||     4
       Sticky Flame      |       |     1 |     7 ||     8
       Fireball          |       |     2 |     1 ||     3
       Conjure Flame     |       |     1 |     4 ||     5
       Inner Flame       |       |       |     2 ||     2
       Throw Icicle      |       |       |     1 ||     1
  Use: Potion            |     1 |       |     3 ||     4
       Scroll            |       |       |     1 ||     1
  Eat: Ration            |       |     1 |       ||     1
Armor: Robe              |     2 |     2 |       ||     4
       Ring mail         |       |       |    20 ||    20
Dodge: Dodged            |    11 |    14 |    34 ||    59

Table legend:
 A = Spawn XP
 B = Non-spawn XP
 C = Spawn XP percentage of total XP
 D = Spawn monster count
 E = Non-spawn monster count
 F = Spawn count percentage of total count
 G = Total turns spent on level
                    A         B        C        D         E        F      G
               +---------+---------+-------+---------+---------+-------+---------
         Total |       0 |    2723 |   0.0 |       0 |      31 |   0.0 |  1879
               +---------+---------+-------+---------+---------+-------+---------
             D |       0 |    2723 |   0.0 |       0 |      31 |   0.0 |  1879
               +---------+---------+-------+---------+---------+-------+---------
